 Dungeon Crawl Stone Soup version 0.24.0-10-g970556be89 (console) character file.

Game seed: 15704861925439958460, levelgen mode: deterministic

79 AlterAsc the Changer (level 4, -1/28 HPs)
             Began as an Octopode Transmuter on Nov 4, 2019.
             Slain by a quokka (5 damage)
             ... on level 2 of the Dungeon.
             The game lasted 00:05:24 (1411 turns).

AlterAsc the Changer (Octopode Transmuter)          Turns: 1411, Time: 00:05:25

Health: -1/28      AC:  1    Str: 10    XL:     4   Next: 38%
Magic:  6/8        EV: 13    Int: 15    God:
Gold:   114        SH:  0    Dex: 12    Spells: 5/8 levels left

rFire    . . .     SeeInvis .     - Unarmed
rCold    . . .     Gourm    .   (no shield)
rNeg     . . .     Faith    .   (helmet restricted)
rPois    .         Spirit   .   (no amulet)
rElec    .         Reflect  .   (no ring)
rCorr    .         Harm     .   (no ring)
MR       .....                  (no ring)
Stlth    ++........             (no ring)
HPRegen  0.09/turn              (no ring)
MPRegen  0.11/turn              (no ring)
                                (no ring)
                                (no ring)

@: very slightly contaminated
A: almost no armour, stealthy swim, amphibious, 8 rings, constrict 8, camouflage
1, gelatinous body 1
a: no special abilities


You were on level 2 of the Dungeon.
You were not hungry.

You visited 1 branch of the dungeon, and saw 2 of its levels.

You collected 114 gold pieces.

Inventory:

Missiles
 a - 29 arrows
 g - 5 datura-tipped darts (quivered)
Scrolls
 d - 5 scrolls of teleportation {unknown}
 e - 2 scrolls of fear {unknown}
 i - 3 scrolls of remove curse {unknown}
 j - 2 scrolls of identify {unknown}
 l - a scroll of magic mapping {unknown}
Potions
 b - a potion of flight {unknown}
 h - a potion of degeneration {unknown}
 k - 2 potions of curing {unknown}
Comestibles
 c - 4 rations
 f - 3 chunks of flesh


   Skills:
 - Level 1.0 Fighting
 - Level 2.0 Dodging
 - Level 3.0 Unarmed Combat
 + Level 2.8 Spellcasting
 * Level 3.8 Transmutations


You had 5 spell levels left.
You knew the following spells:

 Your Spells              Type           Power        Failure   Level  Hunger
a - Beastly Appendage     Tmut           ##....       4%          1    #......
b - Sticks to Snakes      Tmut           ##......     6%          2    ##.....

Your spell library contained the following spells:

 Spells                   Type           Power        Failure   Level  Hunger
 Spider Form              Tmut/Pois      #.........   28%         3    ###....
 Ice Form                 Ice/Tmut       #.......     67%         4    #####..
 Blade Hands              Tmut           ##........   75%         5    ######.


Dungeon Overview and Level Annotations

Branches:
Dungeon (2/15)

Altars:


Innate Abilities, Weirdness & Mutations

You cannot wear most types of armour.
You are very stealthy in the water. (Stealth+)
You are amphibious.
You can wear up to eight rings at the same time.
You can use your tentacles to constrict eight enemies at once.
Your skin changes colour to match your surroundings (Stealth+).
Your rubbery body absorbs attacks. (AC +1, EV +1)


Message History

Your ball python closely misses the quokka.
You see here a bat skeleton.
The quokka bites you.
* * * LOW HITPOINT WARNING * * *
You swap places.
Something bites your ball python.
You see here a bat skeleton.
Your ball python bites the quokka.
Your ball python closely misses the quokka.
Something misses your ball python.
Your ball python misses the quokka.
Your ball python grabs the quokka.
Your ball python constricts the quokka.
The quokka bites your ball python.
Your ball python dies!
The quokka twitches its whiskers.
You see here a stone.
Casting: Sticks to Snakes (safe; 6% risk of failure)
Confirm with . or Enter, or press ? or * to list all spells.
You miscast Sticks to Snakes.
You are very lightly contaminated with residual magic.
Your tentacles glow momentarily.
The quokka bites you.
You die...

.....### #.........# #..# .......#
#.........# #..# #.##.###
#.........# #..# #.##.#
#<........# #..# ..##.#
#.######### #... ..##.########
#.#.....# #..#
............######.#.....# #..#
#.##.######.#...##.#.....#####..#
...............r@................
#.รท#.###.##.#...##.###########..#
#..#.###.##.#...##.# #.##
......##.##.#.).##.# #.#
#.#..###.##.#.####.# ###.##
.<.....#(##.#.# #.# #.....
.......#.##.#.####.# #.....
.......(..(.)).....## #.....
.....(((.)..#.......# #.....


You could see a quokka.

Vanquished Creatures
  Robin (D:2)
  An adder (D:2)
  A worm (D:2)
  3 dart slugs
  2 bats (D:2)
  13 goblins
  6 hobgoblins
  3 jackals (D:1)
  6 kobolds
  A quokka (D:2)
  2 frilled lizards
  5 rats (D:1)
44 creatures vanquished.

Vanquished Creatures (collateral kills)
  A dart slug (D:2)
  A leopard gecko (D:2)
  A giant cockroach (D:2)
  4 goblins (D:2)
  2 hobgoblins (D:2)
9 creatures vanquished.

Vanquished Creatures (others)
  A goblin (D:2)
1 creature vanquished.

Grand Total: 54 creatures vanquished

Notes
Turn   | Place    | Note
-------+----------+-------------------------------------------
     0 | D:1      | AlterAsc the Octopode Transmuter began the quest for the
                  | Orb.
     0 | D:1      | Reached XP level 1. HP: 13/13 MP: 3/3
   257 | D:1      | Reached XP level 2. HP: 18/18 MP: 3/5
   542 | D:1      | Learned a level 2 spell: Sticks to Snakes
   776 | D:1      | Reached XP level 3. HP: 23/23 MP: 4/6
  1040 | D:2      | Noticed Robin
  1101 | D:2      | Killed Robin
  1101 | D:2      | Reached XP level 4. HP: 14/28 MP: 0/8
  1411 | D:2      | Slain by a quokka

Levels and vault maps discovered:
D:1:      minmay_arrival_jagged, layout_loops_ring
D:2:      layout_basic, first_ration, uniq_robin

Skill      XL: |  1  2  3 |
---------------+----------+-----
Transmutations | 3 |  3.8
Fighting       | |  1.0
Dodging        | |  2.0
Unarmed Combat | |  3.0
Spellcasting   | |  2.8

Action                   |  1- 3 |  4- 6 || total
-------------------------+-------+-------++-------
Melee: Unarmed           |    67 |    21 ||    88
       Constrict         |    19 |     8 ||    27
       Tentacles         |    16 |     4 ||    20
       Kick              |    12 |     1 ||    13
Throw: Dart              |     8 |       ||     8
 Cast: Beastly Appendage |    16 |     3 ||    19
       Sticks to Snakes  |     4 |     1 ||     5
 Stab: Sleeping          |     7 |       ||     7
  Eat: Chunk             |     1 |     1 ||     2
Armor: Skin              |     2 |     5 ||     7
Dodge: Dodged            |    31 |    23 ||    54
